 Dungeon Crawl Stone Soup version 0.30-a0-1160-g6e42c06551 (webtiles) character file.

Game seed: 9856487833934778276

303 Lavandula the Slasher (level 6, -3/43 HPs)
             Began as a Mummy Wanderer on Apr 27, 2023.
             Was an Initiate of Kikubaaqudgha.
             Killed by divine providence
             ... invoked by an orc priest
              (17 damage)
             ... on level 4 of the Dungeon.
             The game lasted 00:04:31 (3025 turns).

Lavandula the Slasher (Mummy Wanderer)              Turns: 3025, Time: 00:04:32

Health: -3/43      AC:  5    Str: 12    XL:     6   Next: 15%
Magic:  8/8        EV: 10    Int: 12    God:    Kikubaaqudgha [......]
Gold:   170        SH:  5    Dex: 22    Spells: 6/7 levels left

rFire   x . .        a - +0 falchion
rCold   + . .        j - +0 buckler
rNeg    + + +        e - +0 leather armour
rPois   ∞            g - +0 helmet
rElec   .            (no cloak)
rCorr   .            c - +0 pair of gloves
SInv    .            (no boots)
Will    +....        f - amulet of the acrobat
Stlth   ++           k - ring of willpower
HPRegen 0.27/turn    n - +6 ring of dexterity
MPRegen 0.11/turn

%: acrobat, faith
@: no status effects
A: cold resistance 1, negative energy resistance 3, torment resistance 2, heat
vulnerability 1, in touch with death 1, no potions, faith
a: Renounce Religion


You were on level 4 of the Dungeon.
You worshipped Kikubaaqudgha.
Kikubaaqudgha was noncommittal.
You visited 2 branches of the dungeon, and saw 6 of its levels.

You collected 170 gold pieces.

Inventory:

Hand Weapons
 a - a +0 falchion (weapon)
Armour
 c - a +0 pair of gloves (worn)
 e - a +0 leather armour (worn)
 g - a +0 helmet (worn)
 j - a +0 buckler (worn)
Jewellery
 f - an amulet of the acrobat (around neck)
 k - a ring of willpower (left hand)
 n - a +6 ring of dexterity (right hand)
Wands
 b - a wand of flame (5) (quivered)
Scrolls
 d - a scroll of summoning
 h - 3 scrolls of teleportation {unknown}
 i - 3 scrolls of identify {unknown}
 l - a scroll of noise {unknown}
 m - a scroll of vulnerability {unknown}
 o - a scroll of torment {unknown}


   Skills:
 - Level 1.0 Fighting
 + Level 4.8 Long Blades
 - Level 1.5 Stealth
 * Level 1.6 Shields
 - Level 1.3 Spellcasting
 - Level 4.1 Evocations


You had 6 spell levels left.
You knew the following spells:

 Your Spells              Type           Power      Damage    Failure   Level
a - Kiss of Death         Conj/Necr      4%         2d5       47%         1

Your spell library contained the following spells:

 Spells                   Type           Power      Damage    Failure   Level
 Confusing Touch          Hex            0%         N/A       85%         3
 Dispel Undead            Necr           1%         3d6       99%         4


Dungeon Overview and Level Annotations

Branches:
Dungeon (5/15)             Temple (1/1) D:5

Altars:
Ashenzari
Kikubaaqudgha
Makhleb
Okawaru
Uskayaw

Shops:
D:5 =

Annotations:
D:4 Edmund


Innate Abilities, Weirdness & Mutations

You are immune to poison.
Your flesh is cold resistant. (rC+)
You are immune to negative energy. (rN+++)
You are immune to unholy pain and torment.
You are vulnerable to heat. (rF-)
You are in touch with the powers of death.
You do not drink.
You have a special connection with the divine. (Faith)


Message History

The orc priest shouts!
You hear a shout!
The orc priest looks satisfied for a moment.
The orc priest mumbles some strange prayers to Beogh against you.
Beogh smites you!
The orc shouts!
The orc wizard casts a spell.
The orc wizard flickers and vanishes!
Deactivating autopickup; reactivate with Ctrl-A.
The orc priest mumbles some strange prayers to Beogh against you.
Beogh smites you!
Press: ? - help, v - describe, . - travel
Here: an orc, wielding a +1 vampiric hand axe and wearing a +0 leather armour The floor.
You hit the orc.
The orc is moderately wounded.
You block the orc's attack. x2
You hit the orc.
The orc is heavily wounded.
The orc hits you but does no damage.
You hit the orc.
The orc is almost dead.
The orc closely misses you.
The orc priest calls upon Beogh to heal the orc.
The orc is healed somewhat.
You hit the orc but do no damage.
The orc is lightly wounded.
The orc hits you with a +1 vampiric hand axe.
You hit the orc.
The orc is moderately wounded.
The orc closely misses you.
You hit the orc.
The orc is severely wounded.
The orc hits you with a +1 vampiric hand axe.
You hit the orc but do no damage.
The orc is severely wounded.
The orc hits you but does no damage.
The orc priest mumbles some strange prayers to Beogh against you.
Beogh smites you!
You die...
Kikubaaqudgha rasps: "You have failed me!
Welcome... oblivion!"

.# .# .# #.# .# #.# .#
#.# )# #.# ># #.# .#
#.# ###########
.####.# ##....@oo.$#
......#####...######.#
#####..........#
#.#####....# #o #.#
##.#.... .. ...
#.#....##. #.# ....
....#####. #.# .#..<#
#...# #.##.# #.##.##
#...#####..#.#


You could see an orc priest and an orc.

Vanquished Creatures
  An ice beast (D:5)
  2 iguanas
  3 gnolls (D:3)
  8 adders
  A shadow imp (D:5)
  A dart slug (D:2)
  2 orcs (D:3)
  5 ball pythons
  5 bats
  6 endoplasms
  2 giant cockroaches
  6 hobgoblins
  5 jackals (D:3)
  A quokka (D:5)
  3 frilled lizards
  A goblin (D:2)
  A rat (D:2)
53 creatures vanquished.

Notes
Turn   | Place    | Note
-------+----------+-------------------------------------------
     0 | D:1      | Lavandula the Mummy Wanderer began the quest for the Orb.
     0 | D:1      | Lavandula set off with the following items: a +0 falchion,
                  | a wand of flame (13), a +0 pair of gloves, a scroll of
                  | summoning, a +0 leather armour.
     0 | D:1      | Reached XP level 1. HP: 15/15 MP: 2/2
   398 | D:1      | Reached XP level 2. HP: 21/21 MP: 4/4
  1006 | D:2      | Gained mutation: You are in touch with the powers of death.
                  | [Mummy growth]
  1006 | D:2      | Reached XP level 3. HP: 24/26 MP: 5/5
  1728 | D:3      | Reached XP level 4. HP: 32/32 MP: 6/6
  1785 | D:3      | Learned a level 1 spell: Kiss of Death
  1963 | D:3      | Found a broken altar of Ashenzari.
  2417 | D:4      | Reached skill level 1 in Shields
  2417 | D:4      | Reached XP level 5. HP: 33/37 MP: 7/7
  2434 | D:4      | Noticed Edmund
  2437 | D:5      | Entered Level 5 of the Dungeon
  2497 | D:5      | Found a staircase to the Ecumenical Temple.
  2550 | Temple   | Entered the Ecumenical Temple
  2561 | Temple   | Became a worshipper of Kikubaaqudgha
  2674 | D:5      | Noticed an ice beast
  2680 | D:5      | Killed an ice beast
  2779 | D:5      | Found Nyss's Jewellery Shop.
  2805 | D:5      | Reached XP level 6. HP: 16/43 MP: 8/8
  3025 | D:4      | Killed from afar by an orc priest

Illustrated notes

Levels and vault maps discovered:
D:1:      wander_arrival_chamber, layout_loops_ring
D:2:      layout_basic
D:3:      layout_rooms, nicolae_ashenzari_skybound
D:4:      layout_loops_ring, nemelex_dance_club_becter, serial_shops,
          kennysheep_mini, uniq_edmund, uniq_grinder
D:5:      layout_basic, minmay_temple_entry_statues, serial_shops, shop,
          uniq_menkaure, uniq_crazy_yiuf_cottage, uniq_pikel
Temple:   nicolae_temple_bog_church

Skill      XL: |  1  2  3  4 |
---------------+-------------+-----
Long Blades    | 2 3 4 |  4.8
Shields        | 1 |  1.6
Fighting       | |  1.0
Stealth        | |  1.5
Spellcasting   | |  1.3
Evocations     | |  4.1

Action                     |  1- 3 |  4- 6 || total
---------------------------+-------+-------++-------
  Melee: Falchion          |    89 |   138 ||   227
         Punch             |     2 |     1 ||     3
  Evoke: Wand              |     3 |     5 ||     8
   Stab: Sleeping          |     2 |     2 ||     4
 Armour: Leather armour    |    35 |    62 ||    97
  Dodge: Dodged            |    53 |    84 ||   137
  Block: Buckler           |       |     7 ||     7

Table legend: (Time is in decaauts)
 A = Elapsed time spent in this place.
 B = Non-inter-level travel time spent in this place.
 C = Inter-level travel time spent in this place.
 D = Time resting spent in this place.
 E = Time spent auto-exploring this place.
 F = Levels seen in this place.
 G = Mean time per level.
                   A        B        C        D        E       F      G
               +--------+--------+--------+--------+--------+-----+--------+
         Total |   3057 |   2929 |    128 |    125 |   2102 |   6 |  509.5 |
       Dungeon |   3034 |   2917 |    117 |    125 |   2098 |   5 |  606.8 |
        Temple |     22 |     11 |     11 |      0 |      4 |   1 |   22.0 |
               +--------+--------+--------+--------+--------+-----+--------+

Top non-repeatable levels by time:
     D:2: 1038 daAuts
     D:3: 677 daAuts
     D:1: 619 daAuts
     D:5: 540 daAuts
     D:4: 158 daAuts
  Temple: 22 daAuts
